 Dungeon Crawl Stone Soup version 0.17.0-23-g0de4337 (console) character file.

2 gw the Magician (level 1, -3/13 HPs)
             Began as a Human Wizard on Nov 14, 2015.
             Slain by a goblin
             ... wielding a cursed -3 dagger
              (6 damage)
             ... on level 1 of the Dungeon.
             The game lasted 00:00:12 (95 turns).

gw the Magician (Human Wizard)                        Turns: 95, Time: 00:00:12

Health: -3/13      AC:  2    Str:  7    XL:     1   Next: 44%
Magic:  1/4        EV: 12    Int: 18    God:
Gold:   0          SH:  0    Dex: 11    Spells: 1 memorised, 5 levels left

rFire  . . .     SeeInvis .     (no weapon)
rCold  . . .     Clarity  .     a - +0 robe
rNeg   . . .     SustAt   .     (no shield)
rPois  .         Gourm    .     b - +0 hat
rElec  .         Spirit   .     (no cloak)
rCorr  .         Warding  .     (no gloves)
rMut   .         Stasis   .     (no boots)
MR     .....                    (no amulet)
Stlth  ++........               (no ring)
                                (no ring)

@: not resistant to hostile enchantments, unstealthy
A: no striking features
a: no special abilities


You were on level 1 of the Dungeon.
You were not hungry.

You visited 1 branch of the dungeon, and saw 1 of its levels.

Inventory:

Armour
 a - a +0 robe (worn)
 b - a +0 hat (worn)
Books
 c - a book of Minor Magic

   Spells                             Type                      Level
   a - Magic Dart                     Conjuration                  1
   b - Blink                          Translocation                2
   c - Call Imp                       Summoning                    2
   d - Repel Missiles                 Charms/Air                   2
   e - Slow                           Hexes                        2
   f - Conjure Flame                  Conjuration/Fire             3
   g - Mephitic Cloud                 Conjuration/Poison/Air       3
Comestibles
 d - a bread ration


   Skills:
 + Level 0.2 Armour
 - Level 2.0 Dodging
 - Level 2.0 Stealth
 + Level 3.0 Spellcasting
 * Level 1.2 Conjurations
   Level 1.0 Summonings
   Level 1.0 Translocations


You had 5 spell levels left.
You knew the following spells:

 Your Spells              Type           Power        Failure   Level  Hunger
a - Magic Dart            Conj           #...         12%         1    None


Dungeon Overview and Level Annotations

Branches:
Dungeon (1/15)

Altars:


Message History

The goblin misses you. The jackal misses you.
Attempting RANGED ATTACK TO (-1,0) x2
Fight failed Attempting RANGED ATTACK TO (-1,0); Fight failed; Making a random move You hit the goblin but do no damage.
The jackal closely misses you. The goblin barely misses you.
The jackal barely misses you.
Trying to move but square is occupied??
Making a random move You miss the jackal.
The jackal is almost dead.
The goblin hits you but does no damage. The jackal barely misses you.
Trying to move but square is occupied??
Making a random move You hit the goblin but do no damage.
The jackal barely misses you. The goblin hits you but does no damage.
Trying to move but square is occupied??
Making a random move You closely miss the goblin.
The jackal closely misses you. The goblin hits you with a dagger.
You die...

###.....# #......<#
#.#.....# #.#.....#
#####.#######
...........###
........h....
##########.#############
.............gghpg......
###.######...###########
#.# ###.# ..# ..# ..g#
#### ....# ....# .##.#


You could see a jackal, a hobgoblin and 2 goblins.

Table legend:
 A = Turns spent in this place as a percentage of turns spent in the entire game.
 B = Non-inter-level travel turns spent in this place as a percentage of non-inter-level travel turns spent in the entire game.
 C = Inter-level travel turns spent in this place as a percentage of turns spent in this place.
 D = Turns resting spent in this place as a percentage of non-inter-level travel turns spent in this place.
 E = Turns spent auto-exploring this place as a percentage of non-inter-level travel turns spent in this place.
 F = Non-inter-level travel turns spent in this place divided by the number of levels of this place that you've seen.
                   A       B       C       D       E      F
               +-------+-------+-------+-------+-------+----------------------
         Total | 100.0 | 100.0 |   0.0 |   1.9 |   1.9 | 214.0
       Dungeon | 100.0 | 100.0 |   0.0 |   1.9 |   1.9 | 214.0
               +-------+-------+-------+-------+-------+----------------------

Table legend:
 A = Kills in this place as a percentage of kills in entire the game.
 B = Kills by you in this place as a percentage of kills by you in the entire game.
 C = Kills by friends in this place as a percentage of kills by friends in the entire game.
 D = Other kills in this place as a percentage of other kills in the entire game.
 E = Experience gained in this place as a percentage of experience gained in the entire game.
 F = Experience gained in this place divided by the number of levels of this place that you have seen.
                   A       B       C       D       E      F
               +-------+-------+-------+-------+-------+----------------------
         Total | 100.0 | 100.0 |  -nan |  -nan | 100.0 |   4.0
       Dungeon | 100.0 | 100.0 |  -nan |  -nan | 100.0 |   4.0
               +-------+-------+-------+-------+-------+----------------------

Vanquished Creatures
  A giant gecko (D:1)
  A rat (D:1)
2 creatures vanquished.

Notes
Turn   | Place    | Note
--------------------------------------------------------------
     0 | D:1      | gw the Human Wizard began the quest for the Orb.
     0 | D:1      | Reached XP level 1. HP: 13/13 MP: 4/4
    95 | D:1      | Slain by a goblin

Action                   || total
-------------------------++-------
Melee: Unarmed           ||     4
 Cast: Magic Dart        ||    10

Vault maps used:
D:1:      minmay_arrival_checkered_box
